Map: Lerilak Crest

Players

Goat - Winner!

  • Race: Protoss Protoss
  • League: Master

Ocean

  • Race: Protoss Protoss
  • League: Master

VOD

Have the link to the VOD?

Description

Time

  • Played on: March 3, 2016, 6:35 p.m.
  • Length: 11:58
Show
View Real Time Build Order
Export as new Build Order

Goat Protoss - Winner!

Build Orders: Blink Stalkers 

Get SALT Encoding   

  12  0:01  Probe (Chrono Boost)  
  13  0:11  Probe (Chrono Boost)  
  14  0:21  Pylon  
  14  0:23  Probe (Chrono Boost)  
  15  0:39  Probe (Chrono Boost)  
  16  0:43  Gateway  
  16  0:49  Assimilator  
  17  0:50  Probe (Chrono Boost)  
  17  1:00  Probe (Chrono Boost)  
  17  1:03  Assimilator  
  18  1:11  Probe (Chrono Boost)  
  19  1:21  Probe (Chrono Boost)  
  19  1:24  Gateway  
  20  1:30  Cybernetics Core  
  20  1:32  Probe (Chrono Boost)  
  21  1:41  Pylon  
  21  1:44  Probe (Chrono Boost)  
  22  1:55  Probe (Chrono Boost)  
  23  2:05  Probe (Chrono Boost)  
  24  2:11  Adept (Chrono Boost)  
  24  2:13  Adept (Chrono Boost), Warp Gate (Chrono Boost)  
  28  2:17  Mothership Core (Chrono Boost)  
  30  2:28  Twilight Council  
  29  2:52  Nexus  
  29  2:58  Pylon  
  29  3:10  Blink (Chrono Boost)  
  29  3:16  Probe  
  28  3:23  Stalker (Chrono Boost)  
  30  3:31  Stalker (Chrono Boost)  
  30  3:32  Probe  
  33  3:36  Pylon  
  33  3:45  Probe  
  36  4:04  Probe  
  36  4:05  Probe  
  36  4:09  Robotics Facility  
  36  4:11  Stalker  
  36  4:13  Stalker  
  38  4:18  Probe  
  38  4:20  Probe  
  39  4:33  Stalker  
  39  4:36  Probe  
  38  4:47  Stalker  
  38  4:50  Probe  
  41  4:55  Stalker  
  41  4:59  Immortal  
  43  5:14  Stalker  
  41  5:28  Stalker  
  38  5:33  Probe x2  
  32  5:40  Stalker  
  28  5:44  Probe  
  28  5:45  Probe  
  26  5:57  Probe (Chrono Boost)  
  26  5:59  Stalker  
  26  6:02  Probe (Chrono Boost)  
  30  6:09  Probe (Chrono Boost)  
  31  6:20  Mothership Core (Chrono Boost)  
  33  6:29  Probe (Chrono Boost)  
  34  6:38  Probe (Chrono Boost)  
  34  6:39  Probe (Chrono Boost)  
  36  6:49  Probe (Chrono Boost)  
  36  6:50  Probe (Chrono Boost)  
  38  7:00  Probe (Chrono Boost)  
  38  7:01  Probe (Chrono Boost)  
  40  7:10  Probe (Chrono Boost)  
  40  7:12  Sentry  
  34  7:25  Stalker  
  33  7:39  Stalker  
  17  8:46  Pylon  
  17  8:47  Assimilator, Probe (Chrono Boost)  
  18  8:59  Probe (Chrono Boost)  
  17  9:24  Probe (Chrono Boost)  
  17  9:25  Probe (Chrono Boost)  
  18  9:34  Pylon  
  18  9:35  Probe (Chrono Boost)  
  16  9:54  Probe (Chrono Boost)  
  15  10:00  Zealot  
  15  10:16  Zealot  
  13  10:33  Zealot  
  15  10:56  Probe (Chrono Boost)  
  10  11:06  Zealot  
  10  11:26  Probe (Chrono Boost)  
  11  11:51  Zealot  
Show
View Real Time Build Order
Export as new Build Order

Ocean Protoss 

Build Orders: Oracle Opening 

Get SALT Encoding   

  12  0:00  Probe (Chrono Boost)  
  13  0:11  Probe (Chrono Boost)  
  14  0:17  Pylon  
  14  0:22  Probe (Chrono Boost)  
  16  0:35  Probe (Chrono Boost)  
  16  0:37  Gateway  
  16  0:46  Probe (Chrono Boost)  
  17  0:51  Assimilator  
  17  0:55  Assimilator  
  17  0:56  Probe (Chrono Boost)  
  18  1:06  Gateway  
  18  1:14  Probe (Chrono Boost)  
  19  1:24  Cybernetics Core  
  19  1:25  Probe (Chrono Boost)  
  20  1:35  Probe (Chrono Boost)  
  21  1:42  Pylon  
  21  1:46  Probe (Chrono Boost)  
  22  1:59  Probe (Chrono Boost)  
  22  2:01  Stalker x2 (Chrono Boost)  
  27  2:05  Warp Gate (Chrono Boost)  
  27  2:20  Pylon  
  27  2:33  Stargate  
  27  2:39  Adept  
  27  2:40  Adept  
  31  2:48  Pylon  
  31  3:17  Oracle  
  31  3:18  Gateway  
  34  3:36  Gateway  
  34  4:00  Stalker x2  
  38  4:16  Oracle  
  41  4:26  Pylon  
  41  4:31  Stalker x2  
  45  4:32  Stalker  
  46  4:40  Pylon  
  46  4:44  Pylon  
  41  4:52  Oracle  
  42  4:56  Zealot x2  
  40  5:20  Stalker x3  
  44  5:22  Zealot  
  28  6:01  Stalker x4  
  35  6:11  Phoenix (Chrono Boost)  
  32  6:32  Zealot x2  
  32  6:33  Zealot x2  
  40  6:53  Sentry x2  
  40  6:54  Zealot x2  
  17  9:18  Stalker x2  
Tags
 
Add a new tag
Caveats
  • Supply blocks, unpowered buildings, or Contaminate may cause inaccurate times.
  • Supply counts are checked every 10 seconds.